AoeStats
← xXAngry_AlmanXx

Marketplace

504511002Analyzed
1v1 RM · 27d ago on Sep 5, 2026· 45m 47s· 2 players
Game mode
Random Map
Map size
Tiny (2 player)
Population
200
Speed
Normal
Resources
Standard
Victory
Conquest
Starting age
Dark Age
Ending age
Imperial Age
RankedLock teamsTeams togetherTeam positionsShared explorationLock speedFull tech treeHidden civsTurbo modeCheats
Victory
Defeat
🇩🇪 Poles · Germany
1004
+42
🇨🇦 Saracens · Canada
972
-15
D乇ムdLuS
8:03 Loom
11:28 Feudal Age
17:50 Castle Age
16:17 Horse Collar
24:05 Forging
30:08 Wheelbarrow
30:03 Fervor
30:36 Husbandry
33:57 Scale Barding Armor
33:51 Gold Mining
33:49 Double-Bit Axe
35:01 Stone Mining
38:38 Imperial Age
38:13 Gold Shaft Mining
37:40 Heavy Plow
37:45 Caravan
37:47 Fletching
38:09 Bloodlines
43:53 Bodkin Arrow
xXAngry_AlmanXx
7:48 Loom
10:41 Feudal Age
12:13 Double-Bit Axe
12:19 Horse Collar
14:58 Scale Barding Armor
17:07 Forging
23:18 Castle Age
24:29 Bow Saw
24:29 Heavy Plow
25:11 Wheelbarrow
28:43 Fletching
29:49 Chain Barding Armor
33:20 Bodkin Arrow
37:25 Imperial Age
37:55 Elite Skirmisher
41:53 Padded Archer Armor
42:32 Bloodlines
42:23 Husbandry
43:53 Bracer
44:08 Leather Archer Armor
44:19 Hand Cart
Connection lost

Rejoining the realm…

Still unreachable

The connection could not be restored.

Session expired

The server has moved on; the page needs a fresh start.